 Dungeon Crawl Stone Soup version 0.16-a0-48-g63d8d37 (webtiles) character file.

74 fransbal the Sneak (level 4, 0/21 HPs)
             Began as a Vine Stalker Enchanter on Aug 5, 2014.
             Slain by an orc wizard
             ... wielding a +0 dagger
              (2 damage)
             ... on Level 2 of the Dungeon.
             The game lasted 00:08:12 (1482 turns).

fransbal the Sneak (Vine Stalker Enchanter)         Turns: 1482, Time: 00:08:13

HP   0/21        AC  3     Str 10      XL: 4   Next: 28%
MP   0/8         EV 12     Int 20      God:
Gold 83          SH  0     Dex 16      Spells:  3 memorised,  1 level left

rFire  . . .     SeeInvis .     a - +1 dagger {Throughout the Dark Months of April and May}
rCold  . . .     Clarity  .     b - +1 robe
rNeg   + . .     rCorr    .     (no shield)
rPois  .         rRot     +     (no helmet)
rElec  .         Spirit   +     (no cloak)
SustAb .         Warding  .     (no gloves)
rMut   .         Stasis   .     (no boots)
Gourm  .                        (no amulet)
MR     .....                    p - ring of stealth
                                m - ring of positive energy

@: brilliant, very slightly contaminated, not resistant to hostile enchantments,
stealthy
A: fangs 2, regeneration 1, magic shield, antimagic bite, no device heal 3, rot
immunity
a: no special abilities


You were on level 2 of the Dungeon.
You were not hungry.

You visited 1 branch of the dungeon, and saw 3 of its levels.

You collected 83 gold pieces.


Innate Abilities, Weirdness & Mutations

You have extremely sharp teeth.
Your natural rate of healing is unusually fast.
When hurt, damage is shared between your health and your magic reserves.
Your bite disrupts and absorbs the magic of your enemies.
Potions and wands cannot restore your health.
You are immune to rotting.


   Skills:
 + Level 2.2 Short Blades
 - Level 1.5 Dodging
 + Level 4.6 Stealth
 - Level 2.1 Spellcasting
 + Level 3.6 Hexes


You had one spell level left.
You knew the following spells:

 Your Spells              Type           Power        Failure   Level  Hunger
a - Confuse               Hex            ####....     1%          3    ###....
e - Ensorcelled Hibernat  Hex/Ice        ###...       1%          2    ##.....
Z - Corona                Hex            ####...      1%          1    #......

Inventory:

Hand weapons
 a - a +1 dagger (weapon) {Throughout the Dark Months of April and May}
Armour
 b - a +1 robe (worn)
Magical devices
 i - a wand of polymorph (13) {Oomingmak}
Comestibles
 d - a bread ration
 j - a beef jerky
 k - a slice of pizza
 n - a rotting chunk of hobgoblin flesh
 q - a chunk of goblin flesh
Scrolls
 f - 5 scrolls of identify {unknown}
 g - a scroll of enchant armour {unknown}
 l - 2 scrolls of teleportation
 o - a scroll of magic mapping {unknown}
Jewellery
 m - a ring of positive energy (left hand)
 p - a ring of stealth (right hand)
Books
 c - a book of Maledictions

   Spells                             Type                      Level
   *Corona                            Hexes                        1
   Sure Blade                         Hexes/Charms                 2
   *Ensorcelled Hibernation           Hexes/Ice                    2
   *Confuse                           Hexes                        3
   Dazzling Spray                     Conjuration/Hexes            3
   Enslavement                        Hexes                        4


Message History

You closely miss the orc wizard. Your bite misses the orc wizard.
The orc wizard is moderately wounded.
The orc wizard hits you with a dagger.
* * * LOW HITPOINT WARNING * * *
You closely miss the orc wizard.
You bite the orc wizard, but do no damage.
The orc wizard is moderately wounded.
The orc wizard falters for a moment.
You hit the orc wizard but do no damage.
The orc wizard is moderately wounded.
The orc wizard misses you.
You hit the orc wizard.
You bite the orc wizard, but do no damage.
The orc wizard is heavily wounded.
The orc wizard hits you with a dagger.
* * * LOW HITPOINT WARNING * * *
You closely miss the orc wizard.
The orc wizard is heavily wounded.
The orc wizard hits you with a dagger.
You die...

###.####......#
#.......#
#.####......#
#.......#
#...##......#
####.####
#.#.##.###### #.#
#.#.##.# #.#
#......# #.#
###.########
######.#
#........###o.....#
#..#####...>@..####
#..#####..##.#)#
#............#.#
##.#####..####.#
#.#####..####.#
#.............#
###############


You could see an orc wizard.

Vanquished Creatures
  Jessica (D:2)
  Terence (D:2)
  An ooze (D:2)
  An orc (D:2)
  11 bats
  2 giant cockroaches
  5 hobgoblins
  3 kobolds (D:2)
  2 giant geckos
  3 giant newts
  7 goblins
  3 rats
40 creatures vanquished.

Notes
Turn   | Place    | Note
--------------------------------------------------------------
     0 | D:1      | fransbal, the Vine Stalker Enchanter, began the quest for the Orb.
     0 | D:1      | Reached XP level 1. HP: 9/9 MP: 3/3
    38 | D:1      | Reached skill level 1 in Short Blades
   190 | D:1      | Reached skill level 4 in Stealth
   190 | D:1      | Reached XP level 2. HP: 13/13 MP: 5/5
   659 | D:2      | Noticed Jessica
   820 | D:2      | Learned a level 2 spell: Ensorcelled Hibernation
   889 | D:2      | Reached XP level 3. HP: 16/16 MP: 7/7
   894 | D:2      | Learned a level 3 spell: Confuse
   955 | D:2      | Killed Jessica
   996 | D:2      | Noticed Terence
  1048 | D:2      | Killed Terence
  1125 | D:2      | Reached XP level 4. HP: 21/21 MP: 5/8
  1394 | D:3      | hgoluuuu shit
  1474 | D:2      | HP: 4/21 [orc wizard/dagger (4)]
  1481 | D:2      | HP: 2/21 [orc wizard/dagger (1)]
  1482 | D:2      | Slain by an orc wizard

Vault maps used:
D:1:      evilmike_arrival_home_sweet_home, grunt_decor_fettered
D:2:      kennysheep_six_static_rooms, uniq_terence, uniq_jessica
D:3:      uniq_natasha

Action                   |  1- 3 |  4- 6 || total
-------------------------+-------+-------++-------
Melee: Dagger            |    81 |    34 ||   115
 Cast: Ensorcelled Hiber |     2 |     7 ||     9
       Confuse           |     1 |       ||     1
Evoke: Wand              |     1 |       ||     1
  Use: Scroll            |     1 |       ||     1
       Potion            |       |     3 ||     3
 Stab: Sleeping          |     9 |     8 ||    17
  Eat: Chunk             |       |     3 ||     3
